Get step-by-step instructions on how to execute this build order below. Start the game timer, and the build order will tick by so you can play in parallel with StarCraft on a second screen or mobile device.

Game Time

  0:00

Last Step

  N/A

Next Step

Upcoming Step



Don't want to look back and forth between 2 screens? Try out our Overwolf App, the Spawning Tool Build Advisor to get an in-game overlay with this build!

Complete Build Order

  12  0:01  Probe  
  13  0:13  Probe  
  14  0:21  Pylon  
  14  0:44  Probe (Chrono Boost)  
  14  0:45  Gateway  
  15  0:54  Probe (Chrono Boost)  
  16  1:08  Nexus  
  16  1:18  Forge  
  16  1:33  Cybernetics Core  
  16  1:36  Assimilator  
  16  1:39  Assimilator  
  16  1:51  Photon Cannon  
  16  1:56  Pylon  
  16  2:03  Probe (Chrono Boost)  
  17  2:13  Probe (Chrono Boost)  
  18  2:24  Probe  
  18  2:28  Probe (Chrono Boost)  
  20  2:30  Assimilator  
  20  2:34  Stargate  
  20  2:40  Probe (Chrono Boost)  
  22  2:48  Probe (Chrono Boost)  
  22  2:51  Pylon  
  22  3:05  Sentry (Chrono Boost)  
  24  3:07  Probe  
  24  3:08  Probe  
  26  3:18  Oracle (Chrono Boost)  
  29  3:25  Photon Cannon  
  29  3:34  Probe  
  30  3:40  Photon Cannon  
  30  3:43  Probe (Chrono Boost)  
  31  3:51  Pylon  
  31  3:52  Probe (Chrono Boost)  
  32  3:56  Sentry (Chrono Boost)  
  32  3:59  Warp Gate  
  34  4:08  Oracle (Chrono Boost)  
  36  4:28  Photon Cannon  
  36  4:51  Probe (Chrono Boost)  
  35  5:01  Probe (Chrono Boost)  
  35  5:06  Photon Cannon  
  35  5:08  Probe (Chrono Boost)  
  35  5:10  Photon Cannon  
  35  5:12  Probe (Chrono Boost)  
  37  5:14  Pylon  
  37  5:19  Probe (Chrono Boost)  
  37  5:20  Probe (Chrono Boost)  
  39  5:25  Sentry  
  41  5:40  Probe x2  
  42  5:57  Photon Cannon  
  42  6:03  Photon Cannon  
  41  6:32  Stargate  
  41  6:34  Stargate  
  41  6:37  Assimilator  
  41  6:40  Fleet Beacon  
  41  6:41  Probe (Chrono Boost)  
  41  6:43  Probe (Chrono Boost)  
  43  6:52  Probe x2 (Chrono Boost)  
  45  7:30  Tempest x2 (Chrono Boost)  
  45  7:31  Tempest (Chrono Boost)  
  54  7:44  Probe x2  
  56  7:57  Photon Cannon  
  56  7:58  Photon Cannon  
  56  7:59  Sentry  
  58  8:23  Nexus  
  58  8:26  Pylon  
  58  8:29  Assimilator  
  57  8:39  Void Ray (Chrono Boost)  
  65  8:44  Void Ray (Chrono Boost), Pylon  
  65  8:46  Void Ray (Chrono Boost)  
  69  9:03  Gateway, Photon Cannon  
  69  9:05  Photon Cannon  
  69  9:06  Gateway  
  69  9:08  Photon Cannon  
  69  9:10  Graviton Catapult (Chrono Boost)  
  69  9:11  Assimilator  
  69  9:12  Probe (Chrono Boost), Carrier (Chrono Boost)  
  69  9:16  Probe (Chrono Boost)  
  71  9:23  Probe (Chrono Boost)  
  72  9:29  Probe (Chrono Boost)  
  79  9:34  Protoss Air Weapons Level 1 (Chrono Boost), Carrier (Chrono Boost)  
  79  9:35  Probe x2  
  81  9:41  Probe  
  88  9:59  Probe x3  
  91  10:14  Cybernetics Core  
  91  10:18  Probe x3  
  94  10:22  Carrier (Chrono Boost)  
  94  10:26  Pylon  
  94  10:27  Pylon  
  94  10:30  Probe  
  94  10:31  Probe x2  
  97  10:39  Pylon  
  97  10:42  Probe  
  98  10:44  Probe x2  
  109  10:50  Oracle (Chrono Boost)  
  109  10:56  Mothership Core (Chrono Boost)  
  111  10:57  Protoss Air Armor Level 1 (Chrono Boost)  
  111  11:00  Robotics Facility  
  111  11:08  Probe x2 (Chrono Boost)  
  111  11:10  Oracle (Chrono Boost)  
  122  11:43  Pylon  
  122  11:46  Pylon  
  122  11:48  Pylon  
  122  11:51  Pylon  
  122  11:52  Pylon  
  122  12:10  Observer  
  122  12:11  Protoss Air Weapons Level 2 (Chrono Boost)  
  122  12:15  Carrier  
  123  12:28  Pylon  
  123  12:35  Tempest  
  133  12:55  Photon Cannon  
  133  12:57  Photon Cannon  
  133  13:31  Nexus  
  132  13:56  Protoss Shields Level 1 (Chrono Boost)  
  132  14:00  Protoss Air Armor Level 2 (Chrono Boost)  
  132  14:19  Carrier x3 (Chrono Boost)  
  132  14:20  Pylon  
  132  14:22  Pylon  
  132  14:25  Pylon  
  132  14:27  Pylon  
  132  14:32  Pylon  
  132  14:35  Assimilator  
  132  14:38  Assimilator  
  150  14:58  Photon Cannon  
  150  15:00  Photon Cannon  
  150  15:03  Photon Cannon  
  150  15:04  Photon Cannon  
  150  15:07  Photon Cannon  
  150  15:09  Photon Cannon  
  150  15:10  Photon Cannon  
  150  15:34  Void Ray x3  
  162  15:48  Gateway  
  162  15:51  Gateway  
  162  15:52  Gateway  
  162  15:58  Gateway  
  162  16:00  Gateway  
  162  16:03  Gateway  
  162  16:05  Gateway  
  162  16:08  Gateway  
  161  16:12  Twilight Council  
  161  16:32  Stalker x3  
  82  17:11  Stalker x4  
  82  17:13  Stalker  
  62  17:16  Nexus